 Dungeon Crawl Stone Soup version 0.20-a0-492-g6327889 (webtiles) character file.

36 Faca the Vexing (level 3, -2/24 HPs)
             Began as a Vampire Enchanter on Jan 15, 2017.
             Slain by a worm (6 damage)
             ... on level 2 of the Dungeon.
             The game lasted 00:03:53 (752 turns).

Faca the Vexing (Vampire Enchanter)                  Turns: 752, Time: 00:03:53

Health: -2/24      AC:  6    Str:  7    XL:     3   Next: 19%
Magic:  6/6        EV: 10    Int: 17    God:
Gold:   94         SH:  0    Dex: 15    Spells: 5/6 levels left

rFire    . . .     SeeInvis +   a - +1 dagger
rCold    . . .     Gourm    .   h - +0 ring mail
rNeg     + . .     Faith    .   (no shield)
rPois    .         Spirit   .   i - +0 helmet
rElec    .         Reflect  .   (no cloak)
rCorr    .         Harm     .   (no gloves)
MR       .....                  (no boots)
Stlth    ++........             (no amulet)
Regen    0.0/turn               (no ring)
                                (no ring)

@: no status effects
A: fangs 3, see invisible, unbreathing
a: Bat Form


You were on level 2 of the Dungeon.
You were not thirsty.

You visited 1 branch of the dungeon, and saw 2 of its levels.

You collected 94 gold pieces.

Inventory:

Hand Weapons
 a - a +1 dagger (weapon)
Armour
 h - a +0 ring mail (worn)
 i - a +0 helmet (worn)
Scrolls
 j - a scroll of identify
Potions
 b - a potion of haste {unknown}
 d - 8 potions of blood
 e - 2 potions of brilliance
 f - a potion of lignification {unknown}
 g - a potion of magic {unknown}
Books
 c - a book of Maledictions

   Spells                             Type                      Level
   a - Corona                         Hexes                        1
   b - Ensorcelled Hibernation        Hexes/Ice                    2
   c - Confuse                        Hexes                        3
   d - Tukima's Dance                 Hexes                        3
   e - Dazzling Spray                 Conjuration/Hexes            3


   Skills:
 + Level 1.7 Short Blades
 + Level 0.1 Armour
 + Level 2.7 Dodging
 + Level 5.0 Stealth
 - Level 2.0 Spellcasting
 + Level 5.0 Hexes


You had 5 spell levels left.
You knew the following spells:

 Your Spells              Type           Power        Failure   Level  Hunger
a - Corona                Hex            ###....      10%         1    #......


Dungeon Overview and Level Annotations

Branches:
Dungeon (2/15)

Altars:
Cheibriados
Trog
The Shining One


Innate Abilities, Weirdness & Mutations

You have razor-sharp teeth.
You have supernaturally acute eyesight. (SInv)
You can survive without breathing.


Message History

You hit the worm but do no damage.
The worm is moderately wounded.
You hit the worm.
The worm is heavily wounded.
The worm barely misses you.
You barely miss the worm.
The worm is heavily wounded.
You barely miss the worm.
The worm is heavily wounded.
The worm bites you.
You barely miss the worm. You bite the worm, but do no damage.
The worm is heavily wounded.
You hit the worm.
The worm is heavily wounded.
The worm bites you.
* * * LOW HITPOINT WARNING * * *
You barely miss the worm. You bite the worm, but do no damage.
The worm is heavily wounded.
The worm bites you.
You die...

##### . #######...###
.. ............#### ..
###............
#$######..[...._.#####
#.................#
##..w....._..8....####
#....@................
#.....?...........####
#.....)......_...## #.
#..............### ##.
#..............# #..
##.......>....## ###..
#..............###....
#..######...##.....#..
..( #........###..


You could see a worm.

Vanquished Creatures
  2 oozes (D:2)
  A dart slug (D:1)
  A giant cockroach (D:1)
  5 goblins
  A hobgoblin (D:1)
  A quokka (D:2)
  A ball python (D:2)
  5 bats
  4 frilled lizards
  2 kobolds
  5 rats
28 creatures vanquished.

Notes
Turn   | Place    | Note
-------+----------+-------------------------------------------
     0 | D:1      | Faca the Vampire Enchanter began the quest for the Orb.
     0 | D:1      | Reached XP level 1. HP: 13/13 MP: 3/3
   120 | D:1      | Reached XP level 2. HP: 17/19 MP: 5/5
   689 | D:2      | Found a snail-covered altar of Cheibriados.
   690 | D:2      | Found a glowing golden altar of the Shining One.
   692 | D:2      | Found a bloodstained altar of Trog.
   711 | D:2      | Reached XP level 3. HP: 23/24 MP: 6/6
   729 | D:2      | Reached skill level 5 in Hexes
   734 | D:2      | Reached skill level 5 in Stealth
   752 | D:2      | Slain by a worm

Vault maps used:
D:1:      minmay_arrival_open_corners
D:2:      grunt_temple_overflow_open, due_unseen_surprise

Skill      XL: |  1  2  3 |
---------------+----------+-----
Hexes          | 5 |  5.0
Stealth        | 5 |  5.0
Short Blades   | |  1.7
Armour         | |  0.1
Dodging        | |  2.7
Spellcasting   | |  2.0

Action                   || total
-------------------------++-------
Melee: Dagger            ||   113
       Bite              ||    10
  Use: Scroll            ||     4
 Stab: Sleeping          ||     3
Armor: Robe              ||     6
       Ring mail         ||    30
Dodge: Dodged            ||    70
